 Dungeon Crawl Stone Soup version 0.29.1-15-g9cfb28693d (webtiles) character file.

Game seed: 16965658398204167022

515 croobank the Firebug (level 7, -3/46 HPs)
             Began as a Demonspawn Fire Elementalist on Apr 20, 2023.
             Slain by a gnoll
             ... wielding a +0 spear
              (9 damage)
             ... on level 3 of the Dungeon.
             The game lasted 00:08:58 (4340 turns).

croobank the Firebug (Demonspawn Fire Elementalist) Turns: 4340, Time: 00:08:59

Health: -3/46      AC:  3    Str:  8    XL:     7   Next: 0%
Magic:  10/12      EV: 13    Int: 18    God:
Gold:   217        SH:  0    Dex: 14    Spells: 7/13 levels left

rFire   + . .      SeeInvis .   m - +4 quarterstaff (chaos)
rCold   x . .      Faith    .   (shield currently unavailable)
rNeg    . . .      Spirit   .   a - +0 robe
rPois   .          Reflect  .   (no helmet)
rElec   .          Harm     .   k - +0 cloak
rCorr   .          Rampage  .   (no gloves)
Will    .....                   (no boots)
Stlth   ++........              (no amulet)
HPRegen 0.15/turn               c - ring of fire
MPRegen 0.13/turn               (no ring)

@: no status effects
A: hooves 1, demonic magic 2
a: no special abilities


You were on level 3 of the Dungeon.
You visited 1 branch of the dungeon, and saw 3 of its levels.

You collected 217 gold pieces.

Inventory:

Hand Weapons
 e - a +0 long sword
 h - a +0 rapier
 i - a +0 dagger
 l - a +0 war axe
 m - a +4 quarterstaff of chaos (weapon)
 n - a +0 short sword
 r - a +4 dagger
Armour
 a - a +0 robe (worn)
 k - a +0 cloak (worn)
Jewellery
 c - a ring of fire (left hand)
 s - a +4 ring of evasion
Wands
 p - a wand of flame (22)
Scrolls
 d - 2 scrolls of identify
 j - a scroll of teleportation
 q - a scroll of poison
Potions
 b - a potion of magic
 f - 2 potions of curing
 g - a potion of flight
 o - a potion of ambrosia {unknown}


   Skills:
 + Level 3.4 Dodging
 + Level 3.6 Stealth
 + Level 3.5 Spellcasting
 + Level 3.2 Conjurations
 + Level 4.0 Fire Magic


You had 7 spell levels left.
You knew the following spells:

 Your Spells              Type           Power      Damage    Failure   Level
a - Foxfire               Conj/Fire      96%        2x1d8     3%          1
b - Scorch                Fire           52%        2d7       4%          2
c - Inner Flame           Hex/Fire       15%        N/A       21%         3

Your spell library contained the following spells:

 Spells                   Type           Power      Damage    Failure   Level
 Conjure Flame            Conj/Fire      24%        6-21      11%         3
 Flame Wave               Conj/Fire      24%        2d8       34%         4


Dungeon Overview and Level Annotations

Branches:
Dungeon (3/15)

Altars:


Innate Abilities, Weirdness & Mutations

You have large cloven feet.
Spells you cast may paralyse nearby enemies.


Message History

Confirm with . or Enter, or press ? or * to list all spells.
You feel a surge of power!
You conjure some foxfire!
Malevolent energies surge around you.
Casting: Foxfire (safe; 3% risk of failure)
Confirm with . or Enter, or press ? or * to list all spells.
You feel a surge of power!
You conjure some foxfire!
Malevolent energies surge around you.
Your foxfire dissipates! x2
Casting: Foxfire (safe; 3% risk of failure)
Confirm with . or Enter, or press ? or * to list all spells.
You feel a surge of power!
You conjure some foxfire!
Malevolent energies surge around you.
Casting: Foxfire (safe; 3% risk of failure)
Confirm with . or Enter, or press ? or * to list all spells.
You don't have enough magic to cast this spell.
The foxfire hits the goblin!
The goblin explodes!
You hear a shout!
You start resting.
Magic restored.
You start waiting.
Done waiting. 2 gnolls come into view.
A gnoll comes into view. It is wielding a +0 club.
The gnoll closely misses you.
The gnoll shouts! x2
You hit the gnoll but do no damage.
The gnoll goes berserk!
The gnoll hits you with a +0 spear! x2
Casting: Foxfire (safe; 3% risk of failure)
Confirm with . or Enter, or press ? or * to list all spells.
You feel a surge of power!
Flames lash the gnoll.
The gnoll is heavily wounded.
The gnoll's fire resistance burns away.
Malevolent energies surge around you. The gnoll hits you with a +0 spear!
You hit the gnoll.
The gnoll flickers and vanishes!
Deactivating autopickup; reactivate with Ctrl-A.
You kick something. Something hits you!
* * * LOW HITPOINT WARNING * * *
Something hits you!
You die...

#.# ##.### #.#
#.# #####
####### #.#
#.#
#...####.#[#.#
#.# #.#
###...##.#.#.#
#.######.#
###.##.#...#
..#.<....#
####....#.###
##########
#.........#
#.#######.##
#@# #..######
#{# ##......#
#).# ######.#
..g.. #.##
###g..(. #..#
....... ##.#
......P #..
....... ###
....... ##


You could see 2 gnolls.

Vanquished Creatures
  Sigmund (D:2)
  An ogre (D:3)
  Crazy Yiuf (D:3)
  Terence (D:3)
  Natasha (thrice) (D:2)
  4 gnolls (D:3)
  3 adders
  A worm (D:2)
  2 dart slugs
  5 orcs (D:3)
  7 endoplasms
  3 giant cockroaches
  6 goblins
  11 hobgoblins
  4 jackals (D:1)
  4 kobolds
  2 quokkas
  4 ball pythons (D:1)
  2 bats (D:1)
  4 frilled lizards
  8 rats
77 creatures vanquished.

Vanquished Creatures (others)
  127 foxfires
  16 plants (D:3)
143 creatures vanquished.

Grand Total: 220 creatures vanquished

Notes
Turn   | Place    | Note
-------+----------+-------------------------------------------
     0 | D:1      | croobank the Demonspawn Fire Elementalist began the quest
                  | for the Orb.
     0 | D:1      | Reached XP level 1. HP: 13/13 MP: 3/3
   288 | D:1      | Gained mutation: Spells you cast may paralyse adjacent
                  | enemies. [demonic ancestry]
   288 | D:1      | Reached XP level 2. HP: 19/19 MP: 0/5
   499 | D:1      | Learned a level 2 spell: Scorch
   765 | D:1      | Found a faded altar of an unknown god.
   975 | D:1      | Reached XP level 3. HP: 24/24 MP: 4/6
  1308 | D:1      | Reached skill level 3 in Fire Magic
  1468 | D:2      | Noticed Natasha
  1471 | D:2      | Killed Natasha
  1481 | D:2      | Gained mutation: You have large cloven feet. [demonic
                  | ancestry]
  1481 | D:2      | Reached XP level 4. HP: 25/30 MP: 1/7
  1533 | D:2      | Noticed Natasha
  1537 | D:2      | Killed Natasha
  1814 | D:2      | Noticed Natasha
  1825 | D:2      | Killed Natasha
  2108 | D:2      | Reached XP level 5. HP: 35/35 MP: 5/9
  2536 | D:2      | Noticed Sigmund
  2544 | D:2      | Killed Sigmund
  2545 | D:2      | Reached XP level 6. HP: 41/41 MP: 0/10
  3348 | D:3      | Found a runed translucent door.
  3349 | D:3      | Noticed Crazy Yiuf
  3356 | D:3      | Killed Crazy Yiuf
  3443 | D:3      | Noticed Terence
  3453 | D:3      | Killed Terence
  3743 | D:3      | Reached skill level 4 in Fire Magic
  4096 | D:3      | Learned a level 3 spell: Inner Flame
  4131 | D:3      | Gained mutation: Spells you cast may paralyse nearby
                  | enemies. [demonic ancestry]
  4131 | D:3      | Reached XP level 7. HP: 46/46 MP: 4/12
  4340 | D:3      | Slain by a gnoll

Illustrated notes

Levels and vault maps discovered:
D:1:      nicolae_arrival_somewhat_less_tricky_arrival, layout_loops_ring,
          hellmonk_ecumenical_altar_lost_god
D:2:      cheibrodos_helix_gallery, layout_loops_ring, minmay_vboxes,
          uniq_natasha, uniq_sigmund
D:3:      layout_basic, nicolae_grassy_gnolls, uniq_terence,
          uniq_crazy_yiuf_cottage

Skill      XL: |  1  2  3  4  5  6 |
---------------+-------------------+-----
Stealth        | 2 3 |  3.6
Dodging        | 2 3 |  3.4
Fire Magic     | 3 4 |  4.0
Conjurations   | 2 3 |  3.2
Spellcasting   | 3 |  3.5

Action                   |  1- 3 |  4- 6 |  7- 9 || total
-------------------------+-------+-------+-------++-------
Melee: Unarmed           |     7 |       |       ||     7
       Rapier            |     9 |    26 |       ||    35
       Kick              |       |    15 |     1 ||    16
       Quarterstaff      |       |    15 |     2 ||    17
       Dagger            |       |     3 |       ||     3
 Cast: Foxfire           |    46 |    28 |     3 ||    77
       Scorch            |     9 |    28 |     1 ||    38
       Inner Flame       |       |     1 |     1 ||     2
  Use: Scroll            |       |    10 |       ||    10
       Potion            |       |     3 |       ||     3
 Stab: Paralysed         |     1 |     1 |       ||     2
       Sleeping          |     1 |     1 |       ||     2
Armor: Robe              |     2 |     5 |       ||     7
Dodge: Dodged            |    12 |    41 |     1 ||    54
